 Dungeon Crawl Stone Soup version 0.18.1-48-g4cf74bf (webtiles) character file.

19 vishdafish the Grave Robber (level 2, 0/19 HPs)
             Began as a Vampire Necromancer on July 28, 2016.
             Succumbed to an adder's poison
             ... on level 2 of the Dungeon.
             The game lasted 00:06:05 (718 turns).

vishdafish the Grave Robber (Vampire Necromancer)    Turns: 718, Time: 00:06:05

Health: 0/19       AC:  3    Str:  7    XL:     2   Next: 55%
Magic:  5/5        EV: 13    Int: 17    God:
Gold:   35         SH:  0    Dex: 14    Spells: 2 memorised, 3 levels left

rFire  . . .     SeeInvis +     e - -2 short sword (curse)
rCold  . . .     Gourm    .     a - +0 robe
rNeg   + . .     Faith    .     (no shield)
rPois  .         Spirit   .     (no helmet)
rElec  .         Dismiss  .     (no cloak)
rCorr  .         Reflect  .     (no gloves)
SustAt .         Harm     .     h - +0 pair of boots
MR     .....                    (no amulet)
Stlth  +++.......               (no ring)
                                (no ring)

@: lethally poisoned (0 -> -8), not resistant to hostile enchantments, fairly
stealthy
A: fangs 3, see invisible, unbreathing
a: no special abilities


You were on level 2 of the Dungeon.
You were not thirsty.

You visited 1 branch of the dungeon, and saw 2 of its levels.

You collected 35 gold pieces.

Inventory:

Hand Weapons
 e - a cursed -2 short sword (weapon)
Armour
 a - a +0 robe (worn)
 d - a +0 leather armour
 h - a +0 pair of boots (worn)
Potions
 c - 2 potions of blood
 f - a potion of curing {unknown}
 g - a potion of magic {unknown}
 i - a potion of degeneration {unknown}
 j - a potion of flight {unknown}
Books
 b - a book of Necromancy

   Spells                             Type                      Level
   a - Pain                           Necromancy                   1
   b - Animate Skeleton               Necromancy                   1
   c - Vampiric Draining              Necromancy                   3
   d - Regeneration                   Charms/Necromancy            3
   e - Animate Dead                   Necromancy                   4
   f - Control Undead                 Necromancy                   4


   Skills:
 + Level 0.1 Fighting
 + Level 2.6 Dodging
 + Level 3.3 Stealth
 + Level 2.0 Spellcasting
 + Level 4.7 Necromancy


You had 3 spell levels left.
You knew the following spells:

 Your Spells              Type           Power        Failure   Level  Hunger
a - Pain                  Necr           ###.         2%          1    #......
b - Animate Skeleton      Necr           N/A          2%          1    #......


Dungeon Overview and Level Annotations

Branches:
Dungeon (2/15)

Altars:


Innate Abilities, Weirdness & Mutations

You have razor-sharp teeth.
You have supernaturally acute eyesight.
You can survive without breathing.


Message History

The goblin shoots a stone.
The stone closely misses you.
You see here 2 chunks of flesh.
The goblin shoots a stone.
The stone closely misses you.
The hobgoblin hits your adder skeleton but does no damage.
Your adder skeleton bites the hobgoblin.
The hobgoblin barely misses your adder skeleton.
Your adder skeleton bites the hobgoblin.
The hobgoblin dies!
Your adder skeleton closely misses the giant newt.
The giant newt barely misses your adder skeleton.
Your adder skeleton bites the giant newt.
The giant newt dies!
Your adder skeleton bites the adder but does no damage.
The adder bites your adder skeleton.
You swap places.
The adder bites you.
* * * LOW HITPOINT WARNING * * *
You are lethally poisoned!
The adder poisons you!
Your adder skeleton closely misses the adder.
You die...

+.....##....# #
#........##<######## . .
.>...##.##........# #S #.
#.##....##..#.###%# #.. +g
#.##..............#
#...#.##.##....#.#.#....##
.......##.####.#...##.#
#..#.##.## #.##.....#
#..(gS.@.# #....#####
#.##.#Z..# ####...# #
#.#..(# #.### #.#...# #.#
#.#...# ### ..##### #.#
#.#


You could see an adder, a goblin and a friendly adder skeleton.

Vanquished Creatures
  An adder (D:2)
  A dart slug (D:1)
  A giant cockroach (D:1)
  A goblin (D:1)
  A ball python (D:2)
  A bat (D:1)
  A giant newt (D:1)
  2 kobolds (D:1)
9 creatures vanquished.

Vanquished Creatures (collateral kills)
  A hobgoblin (D:2)
  A giant newt (D:2)
2 creatures vanquished.

Grand Total: 11 creatures vanquished

Notes
Turn   | Place    | Note
--------------------------------------------------------------
     0 | D:1      | vishdafish the Vampire Necromancer began the quest for the Orb.
     0 | D:1      | Reached XP level 1. HP: 13/13 MP: 3/3
    71 | D:1      | Learned a level 1 spell: Animate Skeleton
   607 | D:1      | Reached XP level 2. HP: 15/19 MP: 5/5
   718 | D:2      | Succumbed to an adder's poison

Action                   || total
-------------------------++-------
Melee: Unarmed           ||    29
       Short sword       ||    27
       Bite              ||     9
 Cast: Animate Skeleton  ||     4
 Stab: Sleeping          ||     1
Armor: Robe              ||    23
Dodge: Dodged            ||    55
